 Dungeon Crawl Stone Soup version 0.29.0-13-gc9e81de378 (webtiles) character file.

Game seed: 15772379444138626373

29783 SnakkuSnakku7 the Grappler (level 13, -1/132 HPs)
             Began as a Palentonga Transmuter on Sept 10, 2022.
             Was a Priest of Nemelex Xobeh.
             Slain by a hornet (8 damage)
             ... while paralysed by a hornet
             ... on level 5 of the Lair of Beasts.
             The game lasted 00:29:34 (17850 turns).

SnakkuSnakku7 the Grappler (Palentonga Transmuter) Turns: 17850, Time: 00:29:35

Health: -1/132     AC: 12    Str: 21    XL:     13   Next: 17%
Magic:  20/20      EV:  1    Int: 19    God:    Nemelex Xobeh [***...]
Gold:   686        SH:  0    Dex: 11    Spells: 8/16 levels left

rFire   x . .      SeeInvis +     - Unarmed
rCold   + + +      Faith    .   (shield currently unavailable)
rNeg    . . .      Spirit   .   (body armour currently unavailable)
rPois   +          Reflect  .   (helmet currently unavailable)
rElec   .          Harm     .   (cloak currently unavailable)
rCorr   .          Rampage  .   (gloves currently unavailable)
Will    .....                   (no barding)
Stlth   +.........              (no amulet)
HPRegen 0.32/turn               x - +6 ring of strength
MPRegen 0.17/turn               m - +4 ring of protection

@: paralysed, lethally poisoned (-1 -> -26), ice-form, elixired, slowed
A: freezing attack, amphibious, boosted hp, large, rugged brown scales 3, see
invisible, (deformed body), (roll 1), (armoured tail), (reflexive curl)
a: End Transformation, Renounce Religion, Draw Escape, Draw Destruction, Draw
Summoning, Triple Draw


You were on level 5 of the Lair of Beasts.
You worshipped Nemelex Xobeh.
Nemelex Xobeh was most pleased with you.
You were a creature of crystalline ice.
You visited 2 branches of the dungeon, and saw 14 of its levels.
You also visited: Volcano.

You collected 928 gold pieces.
You spent 242 gold pieces at shops.

Inventory:

Missiles
 o - 3 throwing nets
 v - 3 silver javelins
 G - a curare-tipped dart
Armour
 e - a +1 pair of gloves (melded)
 u - a +0 cloak (melded)
 C - the +2 robe of Temperance (melded) {rF+++ MP+9 Dex+4}
   (You found it on level 7 of the Dungeon)

   Dex:       It affects your dexterity (+4).
   rF:        It renders you almost immune to fire.
   MP:        It affects your magic capacity (+9).
 H - a +2 helmet (melded)
Jewellery
 m - a +4 ring of protection (right front paw)
 x - a +6 ring of strength (left front paw)
 E - a +6 ring of intelligence
 I - a ring of protection from cold
Wands
 a - a wand of flame (63)
 q - a wand of polymorph (14)
Scrolls
 b - 2 scrolls of identify
 f - 2 scrolls of teleportation
 g - 6 scrolls of poison
 i - 2 scrolls of enchant armour
 j - 4 scrolls of fog
 k - 2 scrolls of magic mapping
 l - 5 scrolls of immolation
 s - 2 scrolls of vulnerability
Potions
 c - a potion of curing
 d - 2 potions of magic
 h - a potion of mutation
 n - 2 potions of haste
 p - a potion of invisibility
 r - 2 potions of ambrosia
 t - a potion of brilliance
 w - 2 potions of flight
 B - 3 potions of resistance
 D - 2 potions of cancellation
Miscellaneous
 y - a phantom mirror


   Skills:
 - Level 10.0 Fighting
 - Level 8.0 Dodging
 + Level 12.7 Unarmed Combat
 - Level 2.0 Spellcasting
 - Level 9.3 Transmutations
 - Level 3.0 Ice Magic
 - Level 2.0 Poison Magic
 - Level 10.0 Invocations


You had 8 spell levels left.
You knew the following spells:

 Your Spells              Type           Power      Damage    Failure   Level
a - Beastly Appendage     Tmut           74%        N/A       1%          1
b - Spider Form           Tmut/Pois      23%        N/A       4%          3
c - Ice Form              Ice/Tmut       25%        N/A       13%         4

Your spell library contained the following spells:

 Spells                   Type           Power      Damage    Failure   Level
 Wereblood                Tmut           37%        N/A       1%          2
 Magic Dart               Conj           4%         1d3       17%         1
 Slow                     Hex            4%         N/A       17%         1
 Call Imp                 Summ           1%         N/A       26%         2
 Mephitic Cloud           Conj/Pois/Air  4%         N/A       36%         3
 Confusing Touch          Hex            1%         N/A       45%         3
 Vampiric Draining        Necr           1%         2d6       45%         3


Dungeon Overview and Level Annotations

Branches:
Dungeon (9/15)             Temple (0/1) D:6            Lair (5/5) D:9
  Swamp (0/4) Lair:3        Snake (0/4) Lair:2        Slime (0/5) Lair:4
    Orc (0/2) D:9         Volcano (visited)

Altars:
Gozag
Kikubaaqudgha
Nemelex Xobeh
Qazlal
Ru
Uskayaw
Wu Jian
Yredelemnul
Zin
The Shining One

Shops:
D:3 (   D:6 *   D:8 *:

Annotations:
D:4 3 runed translucent doors, turdburglar's ghost, novice HuFi


Innate Abilities, Weirdness & Mutations

You are a creature of crystalline ice.
You have a powerful freezing melee attack.
You are amphibious.
Your maximum health is increased.
Your armour is entirely melded.
You are incapable of wielding weapons or throwing items.
(You are completely covered in rugged brown scales. (AC +3, +7% HP))
You have supernaturally acute eyesight. (SInv)
((Armour fits poorly on your strangely shaped body.))
((You can roll at nearby foes to attack.))
((You have a long armoured tail.))
((You curl defensively after being hit. (AC +7*)))


Message History

You feel yourself slow down. The hornet stings you.
* * * LOW HITPOINT WARNING * * *
The hornet stings you.
* * * LOW HITPOINT WARNING * * *
You are poisoned.
The hornet stings you but does no damage.
The tyrant leech bites you!
* * * LOW HITPOINT WARNING * * *
The tyrant leech draws strength from your injuries!
You feel very sick. The hornet stings you.
* * * LOW HITPOINT WARNING * * *
You are more poisoned.
You feel as though you will be slow longer.
The hornet stings you but does no damage.
The hornet stings you.
* * * LOW HITPOINT WARNING * * *
The hornet stings you but does no damage.
The hornet stings you.
* * * LOW HITPOINT WARNING * * *
The hornet stings you but does no damage.
The hornet completely misses you.
The hornet stings you but does no damage.
Your molten gargoyle hits the tyrant leech with a +0 mace.
The tyrant leech is engulfed in flames!
Your polar bear bites the tyrant leech.
Your polar bear claws the tyrant leech.
Your polar bear barely misses the tyrant leech.
Your catoblepas gores the hornet!!
* * * LOW HITPOINT WARNING * * *
You feel very sick. The hornet stings you.
* * * LOW HITPOINT WARNING * * *
You feel as though you will be slow longer.
The hornet stings you but does no damage.
The hornet stings you!
* * * LOW HITPOINT WARNING * * *
You are more poisoned.
The hornet stings you!
You die...
Your body disappears without a glow.

.# # .#.
..##
##..P###
##P#.PPP#
#.$Y..?##
#..yhw9.#
.#.
#..yYy.P#
....
###yy#.##
.... ####
# ...#
.... ....
.... ....
.... ....


You could see a tyrant leech (ally target), 5 hornets, a friendly catoblepas
(summoned), a friendly polar bear (summoned) and a friendly molten gargoyle
(summoned).

Vanquished Creatures
  A fire dragon (Volcano)
  A hydra (Lair:1)
  2 death yaks (Lair:4)
  4 sun demons (Volcano)
  A lindwurm (Lair:4)
  A wolf spider (Lair:3)
  5 elephants
  5 black mambas (Lair:5)
  8 cane toads
  A smoke demon (Volcano)
  3 komodo dragons
  2 rime drakes
  3 polar bears (Lair:4)
  A raiju (Lair:5)
  10 blink frogs
  A wraith (D:9)
  Sigmund (D:2)
  2 wyverns
  17 yaks
  5 basilisks
  13 steam dragons
  6 wargs
  2 hell hounds
  13 water moccasins
  Duvessa (D:5)
  An orc warrior (D:8)
  A hornet zombie (D:6)
  An ice beast (D:5)
  5 black bears
  A sky beast (D:7)
  17 wolves
  2 centaurs
  Blork the orc (D:6)
  2 kobold brigands
  10 bullfrogs
  3 necrophages
  2 scorpions
  4 wights (D:6)
  Dowan (D:5)
  6 electric eels
  11 killer bees
  2 howler monkeys
  3 bullfrog zombies (D:6)
  A human zombie (D:6)
  3 jellies (D:7)
  2 hounds
  An orc priest (D:6)
  Jessica (D:3)
  5 orc wizards
  Ijyb (D:3)
  4 hell rats (Lair:4)
  An iguana (D:6)
  A killer bee zombie (D:6)
  4 gnolls (D:3)
  A howler monkey zombie (D:6)
  6 adders
  2 white imps
  2 ufetubi
  2 worms (D:2)
  5 dart slugs
  12 orcs
  5 bats
  6 endoplasms
  4 giant cockroaches
  4 goblins
  4 hobgoblins
  6 jackals
  18 kobolds
  A quokka (D:1)
  4 ball pythons
  6 frilled lizards
  5 rats
299 creatures vanquished.

Vanquished Creatures (collateral kills)
  A hydra (Lair:4)
1 creature vanquished.

Vanquished Creatures (others)
  A steam dragon (Volcano)
  A human (D:5)
  39 fungi
  85 plants
126 creatures vanquished.

Grand Total: 426 creatures vanquished

Notes
Turn   | Place    | Note
-------+----------+-------------------------------------------
     0 | D:1      | SnakkuSnakku7 the Palentonga Transmuter began the quest for
                  | the Orb.
     0 | D:1      | Reached XP level 1. HP: 16/16 MP: 3/3
   153 | D:1      | Reached XP level 2. HP: 20/22 MP: 3/5
   398 | D:1      | You fall into a shaft and drop 1 floor!
   444 | D:2      | Noticed Sigmund
  1240 | D:3      | Identified the +2 quarterstaff "Pendulum" {vorpal, Int+7}
  1336 | D:3      | Reached XP level 3. HP: 26/27 MP: 4/6
  1348 | D:3      | Reached skill level 4 in Unarmed Combat
  1373 | D:3      | Reached XP level 4. HP: 14/34 MP: 5/7
  1377 | D:3      | Learned a level 3 spell: Spider Form
  2002 | D:2      | Found a faded altar of an unknown god.
  2511 | D:2      | Killed Sigmund
  2512 | D:2      | Reached skill level 5 in Unarmed Combat
  2512 | D:2      | Reached XP level 5. HP: 39/39 MP: 6/8
  2517 | D:2      | Learned a level 4 spell: Ice Form
  2730 | D:2      | Reached XP level 6. HP: 46/46 MP: 7/9
  3115 | D:3      | Noticed Jessica
  3121 | D:3      | Killed Jessica
  3145 | D:3      | Found Uskovudd's Antique Weapon Shop.
  3301 | D:3      | Noticed Ijyb
  3320 | D:3      | Killed Ijyb
  3321 | D:3      | Reached skill level 1 in Ice Magic
  3860 | D:4      | Found a glowing silver altar of Zin.
  3978 | D:4      | Found a runed translucent gate.
  4185 | D:4      | Found a runed translucent gate.
  4185 | D:4      | Found a runed translucent gate.
  4187 | D:4      | Noticed turdburglar's ghost (novice HuFi)
  4328 | D:5      | Entered Level 5 of the Dungeon
  4388 | D:5      | Noticed a yak
  4390 | D:5      | Noticed a yak
  4453 | D:5      | Noticed Duvessa
  4487 | D:5      | Noticed Dowan
  4502 | D:5      | Killed Dowan
  4503 | D:5      | Reached skill level 6 in Unarmed Combat
  4505 | D:5      | Killed Duvessa
  4506 | D:5      | Gained mutation: You curl defensively after being hit. (AC
                  | +7*) [Palentonga growth]
  4506 | D:5      | Reached XP level 7. HP: 50/51 MP: 10/10
  4654 | D:5      | Noticed a yak
  4654 | D:5      | Noticed a yak
  4686 | D:5      | Noticed a yak
  4700 | D:4      | Killed a yak
  4778 | D:5      | Reached skill level 7 in Unarmed Combat
  4922 | D:5      | Found a sparkling altar of Nemelex Xobeh.
  4955 | D:5      | Became a worshipper of Nemelex Xobeh the Trickster
  5030 | D:5      | Reached XP level 8. HP: 57/57 MP: 9/11
  5223 | D:5      | Found an ancient bone altar of Kikubaaqudgha.
  5404 | D:5      | Reached skill level 5 in Transmutations
  5428 | D:5      | Reached skill level 8 in Unarmed Combat
  5963 | D:6      | Found a sacrificial altar of Ru.
  6285 | D:6      | Found Gozag's Platinum Reserve.
  6286 | D:6      | Found an opulent altar of Gozag.
  6347 | D:6      | Identified the +6 flail "Aryoptim" {pain, rC++ Will+ Dex-3}
  6406 | D:6      | Found a staircase to the Ecumenical Temple.
  6439 | D:6      | Reached skill level 9 in Unarmed Combat
  6440 | D:6      | Noticed Blork the orc
  6457 | D:6      | Killed Blork the orc
  6697 | D:6      | Reached XP level 9. HP: 45/62 MP: 10/12
  6868 | D:6      | Found a basalt altar of Yredelemnul.
  7116 | D:6      | Noticed Maggie
  7136 | D:6      | Noticed Maggie
  7136 | D:6      | Maggie changed into Maggie the water moccasin
  7145 | D:6      | Killed Maggie the water moccasin
  7407 | D:6      | Found a glowing golden altar of the Shining One.
  7591 | D:7      | Identified the +2 robe of Temperance {rF+++ MP+9 Dex+4}
  7688 | D:7      | Reached * piety under Nemelex Xobeh
  7826 | D:7      | Reached skill level 10 in Unarmed Combat
  8144 | D:7      | Received a gift from Nemelex Xobeh
  8147 | D:7      | Found a hide-covered altar of Uskayaw.
  8662 | D:8      | Found a stormy altar of Qazlal.
  8801 | D:8      | Found Detsunug's General Store.
  8809 | D:8      | Bought 2 potions of resistance for 220 gold pieces
  8809 | D:8      | Bought a scroll of identify for 22 gold pieces
  9278 | D:7      | Reached XP level 10. HP: 61/69 MP: 13/13
  9380 | D:8      | Found Siowobeu's Book Boutique.
  9584 | D:8      | Reached ** piety under Nemelex Xobeh
  9596 | D:8      | Reached skill level 11 in Unarmed Combat
  9596 | D:8      | Received a gift from Nemelex Xobeh
 10241 | D:9      | Found a staircase to the Lair.
 10472 | D:9      | Noticed a two-headed ogre
 10556 | D:9      | Found an ornate altar of the Wu Jian Council.
 10579 | D:9      | Received a gift from Nemelex Xobeh
 10789 | D:9      | Found a staircase to the Orcish Mines.
 10920 | Lair:1   | Entered Level 1 of the Lair of Beasts
 11127 | Lair:1   | Noticed a cane toad
 11139 | Lair:1   | Killed a cane toad
 11140 | Lair:1   | Reached skill level 12 in Unarmed Combat
 11193 | Lair:1   | Reached skill level 5 in Fighting
 11247 | Lair:1   | Noticed a cane toad
 11256 | Lair:1   | Killed a cane toad
 11549 | Lair:1   | Reached *** piety under Nemelex Xobeh
 11632 | Lair:1   | Noticed a cane toad
 11695 | Lair:1   | Killed a cane toad
 11921 | Lair:1   | Noticed a seven-headed hydra
 11945 | Lair:1   | Killed a seven-headed hydra
 11946 | Lair:1   | Reached XP level 11. HP: 90/90 MP: 9/14
 12195 | Lair:2   | Reached skill level 1 in Invocations
 12348 | Lair:2   | Found a dark tunnel.
 12379 | Volcano  | Entered a volcano
 12424 | Volcano  | Received a gift from Nemelex Xobeh
 12470 | Volcano  | Reached skill level 5 in Invocations
 12646 | Volcano  | Noticed a sun demon
 12647 | Volcano  | Noticed a sun demon
 12682 | Volcano  | Killed a sun demon
 12699 | Volcano  | Killed a sun demon
 12917 | Volcano  | Noticed a sun demon
 12917 | Volcano  | Noticed a sun demon
 12960 | Volcano  | Killed a sun demon
 13061 | Volcano  | Killed a sun demon
 13067 | Volcano  | Noticed a fire dragon
 13078 | Volcano  | Killed a fire dragon
 13424 | Lair:2   | Found a staircase to the Snake Pit.
 13690 | Lair:2   | Reached skill level 10 in Invocations
 14036 | Lair:3   | Received a gift from Nemelex Xobeh
 14036 | Lair:3   | Noticed a wolf spider
 14111 | Lair:3   | Reached XP level 12. HP: 96/98 MP: 9/19
 14212 | Lair:3   | Found a staircase to the Swamp.
 14465 | Lair:3   | Reached **** piety under Nemelex Xobeh
 14588 | Lair:3   | Received a gift from Nemelex Xobeh
 14600 | Lair:3   | Reached skill level 5 in Dodging
 15121 | Lair:4   | Noticed a death yak
 15702 | Lair:4   | Found a basalt altar of Yredelemnul.
 15723 | Lair:4   | Found a staircase to the Slime Pits.
 15797 | Lair:4   | Noticed an eight-headed hydra
 15817 | Lair:4   | Killed an eight-headed hydra
 16237 | Lair:4   | Noticed a death yak
 16242 | Lair:4   | Killed a death yak
 16247 | Lair:4   | Killed a death yak
 16725 | Lair:5   | Entered Level 5 of the Lair of Beasts
 17174 | Lair:5   | Reached XP level 13. HP: 110/110 MP: 15/20
 17201 | Lair:5   | Reached skill level 10 in Fighting
 17848 | Lair:5   | Paralysed by a hornet for 3 turns
 17850 | Lair:5   | Slain by a hornet

Illustrated notes

Levels and vault maps discovered:
D:1:      giann_bridges, layout_basic
D:2:      layout_basic, basic_ecumenical_altar, uniq_sigmund
D:3:      layout_basic, serial_shops, nicolae_shop_advertising_works
          [nicolae_subvault_shop_adworks], minmay_hedge_maze, minmay_puff,
          uniq_ijyb, uniq_jessica
D:4:      layout_loops_cross, mainiacjoe_overflow_24_doors,
          gammafunk_ghost_necromancy
D:5:      layout_cave_pools, tgw_kikubaaqudgha, mainiacjoe_overflow_paths,
          uniq_duvessa
D:6:      layout_cave_pools, lemuel_mausoleum_altar_yredelemnul,
          nicolae_gozag_zags_fifth_avenue, mainiacjoe_overflow_alcove_2,
          kennysheep_mini_moat, minmay_temple_entry_enclosed_plants,
          uniq_blork_the_orc, uniq_maggie
D:7:      layout_rooms, mainiacjoe_overflow_alcove_1, dreamdust_wishing_well,
          minmay_misc_feat_chi, minmay_starry_boxes
D:8:      layout_basic, grunt_qazlal_clouds, serial_shops,
          nicolae_shop_hallway_stairs, nicolae_shop_crystal, kennysheep_nub,
          amcnicky_mini_corridor_feature, grunt_ministairs_10,
          kennysheep_generic_room_3
D:9:      minmay_the_grid_plus [minmay_the_grid_tiny_cups,
          minmay_the_grid_pillar_ring, minmay_the_grid_outer_circle,
          minmay_the_grid_diamond_grid, minmay_the_grid_prize_shrinking_boxes],
          layout_loops_ring, trog_book, nzn_wu_jian_council_hall,
          minmay_orc_entry_guard_dogs
Lair:1:   layout_long_grid
Lair:2:   layout_regular_city, dummy_snake_entry,
          nicolae_volcano_entry_lava_flow
Lair:3:   layout_long_grid, swamp_mist_pool, nicolae_lair_run_with_the_wolves
Lair:4:   layout_loops_ring, slime_entry_1, basic_altar, serial_bayou,
          serial_bayou_crossing, serial_bayou_pond_c, serial_bayou_pond_a,
          serial_bayou_lagoon_b, beast_lair_carwin_10, infiniplex_staircase_pool
Lair:5:   wormcave, layout_gridlike, hangedman_lair_caniforms_friends,
          serial_bayou_lagoon_a, chequers_serial_rivers_large_a,
          serial_bayou_pond_a, fungi_pond_lemuel

Skill      XL: |  1  2  3  4  5  6  7  8  9 10 11 12 13 |
---------------+----------------------------------------+-----
Transmutations | 3 4 6 9 |  9.3
Unarmed Combat | 4 5 6 7 9 10 12 | 12.7
Poison Magic   | 2 |  2.0
Ice Magic      | 2 3 |  3.0
Fighting       | 7 9 10 | 10.0
Invocations    | 10 | 10.0
Dodging        | 3 8 |  8.0
Spellcasting   | |  2.0

Action                   |  1- 3 |  4- 6 |  7- 9 | 10-12 | 13-15 || total
-------------------------+-------+-------+-------+-------+-------++-------
Melee: Unarmed           |    72 |   172 |   304 |   478 |    47 ||  1073
       Kick              |     4 |    15 |    74 |    38 |       ||   131
       Headbutt          |     3 |    15 |    41 |    35 |       ||    94
       Tailslap          |     4 |    17 |    36 |    28 |       ||    85
       Punch             |     3 |     4 |    10 |    13 |       ||    30
Throw: Throwing net      |       |     1 |       |       |       ||     1
 Cast: Beastly Appendage |    11 |    15 |    29 |    17 |       ||    72
       Ice Form          |       |       |     1 |    33 |     4 ||    38
Invok: Triple Draw       |       |       |       |       |     4 ||     4
 Abil: Rolling Charge    |     1 |       |       |       |       ||     1
       End Transformatio |       |       |       |     3 |       ||     3
Evoke: Wand              |       |       |     1 |    11 |       ||    12
       Phantom mirror    |       |       |       |     1 |       ||     1
  Use: Scroll            |     5 |     1 |     6 |    14 |     3 ||    29
       Potion            |     1 |       |     2 |     8 |     4 ||    15
 Stab: Sleeping          |     1 |     1 |     1 |     1 |       ||     4
       Held in net/web   |       |     2 |       |       |       ||     2
       Petrified         |       |       |       |       |     4 ||     4
Armor: Robe              |    46 |    54 |   147 |   119 |       ||   366
       Skin              |     7 |    12 |       |    95 |    34 ||   148
       Steam dragon scal |       |       |     7 |       |       ||     7
Dodge: Dodged            |    48 |    71 |   113 |   206 |    29 ||   467
